Map: Orbital Shipyard

Players

LilDicky

  • Race: Terran Terran
  • League: Diamond

CustyBB - Winner!

  • Race: Terran Terran

VOD

http://www.twitch.tv/tumescentpie

Description

Time

  • Played on: Nov. 30, 2015, 4:39 p.m.
  • Length: 13:58
Show
View Real Time Build Order
Export as new Build Order

LilDicky Terran 

Build Orders:  

Get SALT Encoding   

  12  0:01  SCV  
  13  0:14  SCV  
  13  0:18  Supply Depot  
  14  0:26  SCV  
  15  0:29  Refinery  
  15  0:39  SCV  
  16  0:49  Barracks  
  16  0:52  SCV  
  17  1:04  SCV  
  18  1:20  SCV  
  20  1:38  Reaper  
  21  1:40  Supply Depot  
  21  1:41  Orbital Command  
  20  2:01  Barracks  
  20  2:02  Barracks  
  20  2:03  Refinery  
  19  2:09  Supply Depot  
  19  2:18  Reaper  
  19  2:21  SCV  
  21  2:33  SCV  
  22  2:50  Reaper x3  
  24  2:53  SCV  
  25  3:05  SCV  
  25  3:07  Command Center  
  26  3:17  Refinery  
  26  3:18  SCV  
  27  3:22  Reaper x3  
  30  3:30  SCV  
  30  3:32  Factory  
  31  3:37  Supply Depot  
  31  3:42  SCV  
  32  3:54  SCV  
  32  4:02  Marine x3  
  30  4:06  SCV  
  33  4:18  SCV  
  33  4:20  Marine  
  33  4:22  Orbital Command  
  35  4:24  Factory Tech Lab  
  35  4:25  Starport, Marine x2  
  35  4:30  SCV  
  38  4:38  Marine  
  39  4:43  Marine x2  
  40  4:56  Marine  
  40  4:59  Engineering Bay  
  40  5:01  Marine x2  
  42  5:12  SCV  
  42  5:14  Banshee, Marine  
  44  5:15  Cloaking Field  
  44  5:16  Widow Mine  
  44  5:19  Marine x2  
  51  5:31  Marine  
  51  5:32  Missile Turret  
  51  5:34  Missile Turret  
  52  5:37  Marine x2  
  52  5:42  SCV  
  55  5:45  SCV  
  55  5:49  Factory Tech Lab, Marine  
  57  5:59  Raven  
  57  6:00  Marine x2  
  59  6:07  Marine  
  60  6:12  Missile Turret  
  36  6:48  Marine x3  
  36  6:50  Siege Tank  
  36  6:53  Banshee  
  42  7:06  Marine x2  
  44  7:11  Marine  
  44  7:12  SCV  
  46  7:18  Command Center  
  46  7:20  Refinery  
  46  7:22  SCV, Siege Tank  
  50  7:24  SCV, Marine x2  
  50  7:25  Starport  
  50  7:29  Marine  
  54  7:43  Banshee  
  54  7:47  Marine  
  52  7:52  Marine x2  
  54  8:04  SCV  
  54  8:05  Marine  
  53  8:06  SCV  
  53  8:09  Starport Reactor  
  54  8:19  Supply Depot, Siege Tank, SCV, Marine x2  
  60  8:24  Command Center, Marine  
  61  8:29  Banshee  
  64  8:37  Marine  
  64  8:39  SCV x2  
  68  8:47  Missile Turret  
  69  8:49  Barracks Tech Lab  
  69  8:50  Barracks Tech Lab, Refinery  
  69  8:55  Barracks Reactor  
  67  8:56  Viking x2  
  67  8:57  Orbital Command  
  67  9:01  SCV  
  67  9:02  SCV  
  73  9:12  Refinery  
  73  9:18  Missile Turret  
  73  9:22  SCV x2, Missile Turret  
  73  9:23  Marine x2  
  76  9:26  Missile Turret  
  59  9:46  SCV x2  
  59  9:47  SCV  
  59  9:52  Orbital Command  
  62  9:57  Marine x2  
  62  9:58  SCV, Marauder x2  
  62  9:59  SCV x2, Viking  
  73  10:20  SCV x2, Missile Turret  
  73  10:21  Marauder, Marine x2  
  77  10:22  Stimpack, Marauder  
  77  10:28  Combat Shields  
  81  10:31  Banshee  
  84  10:53  Siege Tank  
  84  10:54  Marine x3  
  84  10:55  Marine  
  88  10:58  SCV x2  
  88  11:03  Viking  
  92  11:07  Ghost Academy  
  92  11:08  SCV  
  93  11:12  Marine x2  
  93  11:13  Marauder x2  
  99  11:19  SCV  
  99  11:20  SCV, Supply Depot, Medivac  
  99  11:21  SCV  
  99  11:25  SCV  
  105  11:30  Marine x2  
  105  11:31  SCV  
  108  11:42  Marauder, Marine  
  108  11:44  SCV  
  108  11:45  SCV  
  108  11:46  Missile Turret  
  113  11:48  Marine  
  113  11:51  Missile Turret  
  83  12:02  Marine  
  83  12:03  Marine  
  83  12:08  Marine x2  
  73  12:21  Marauder  
  73  12:22  Marine  
  62  12:25  Siege Tank  
  62  12:26  Marine x2  
  59  12:40  Marine  
  59  12:42  Marine  
  60  12:52  Marine  
  60  12:53  Marauder  
  60  12:54  SCV x4  
  67  12:59  Ghost  
  67  13:01  Banshee, Marine  
  73  13:06  SCV x2  
  73  13:09  Viking  
  73  13:10  Viking, Marine  
  73  13:12  Factory  
  80  13:15  Marauder  
  80  13:18  Missile Turret, Orbital Command  
  80  13:19  SCV  
  84  13:20  SCV  
  84  13:24  SCV, Marine  
  86  13:28  Marine  
  86  13:29  Marauder  
  86  13:32  SCV x2  
  94  13:35  Marine  
  94  13:36  SCV  
Show
View Real Time Build Order
Export as new Build Order

CustyBB Terran - Winner!

Build Orders: MMM Bio 

Get SALT Encoding   

  12  0:05  SCV  
  13  0:17  SCV  
  14  0:22  Supply Depot  
  14  0:29  Refinery  
  14  0:30  SCV  
  15  0:44  SCV  
  15  0:47  Barracks  
  16  0:56  SCV  
  17  1:08  SCV  
  18  1:20  SCV  
  19  1:37  Marine, Orbital Command  
  20  1:47  Supply Depot  
  19  2:04  Command Center, SCV  
  20  2:14  Factory  
  20  2:16  Marine  
  20  2:21  SCV  
  22  2:32  Refinery  
  22  2:33  SCV  
  22  2:34  Marine  
  24  2:45  SCV  
  25  2:55  Marine  
  25  2:57  SCV  
  27  3:01  Factory Tech Lab, Starport  
  27  3:09  SCV  
  28  3:13  Marine  
  28  3:15  Orbital Command  
  29  3:22  Cyclone  
  29  3:26  SCV  
  33  3:37  Barracks Tech Lab  
  33  3:38  SCV, Starport Tech Lab  
  34  3:41  SCV  
  34  3:48  Supply Depot  
  35  3:50  SCV  
  35  3:59  Banshee  
  35  4:02  Marine  
  36  4:03  Stimpack  
  36  4:04  SCV x2  
  36  4:08  Supply Depot  
  39  4:15  Refinery  
  39  4:16  SCV  
  40  4:17  Refinery  
  40  4:20  Marine  
  40  4:21  Cloaking Field  
  41  4:25  SCV  
  41  4:26  Hellion  
  41  4:29  SCV  
  45  4:35  Engineering Bay  
  45  4:38  SCV, Marine  
  46  4:42  Banshee  
  48  4:56  SCV x2, Marine  
  51  5:05  Siege Tank  
  54  5:08  SCV  
  54  5:09  SCV  
  54  5:14  Marine  
  57  5:15  Supply Depot  
  57  5:30  SCV x2  
  57  5:31  Command Center, Marine  
  60  5:40  Medivac  
  62  5:46  Barracks  
  62  5:49  Marine  
  63  5:51  Siege Tank  
  63  5:53  SCV x2  
  68  5:58  Barracks  
  68  6:07  Marine  
  69  6:20  Viking  
  69  6:25  Marine  
  66  6:37  Marine  
  57  6:43  Marine  
  53  6:50  Orbital Command  
  53  6:51  Barracks Reactor  
  53  6:55  Barracks, Marine  
  53  6:57  Missile Turret, Barracks  
  53  6:58  Barracks  
  53  6:59  SCV  
  53  7:01  SCV, Marine  
  56  7:03  Factory  
  56  7:05  Missile Turret  
  56  7:07  Starport Reactor  
  53  7:09  Orbital Command  
  53  7:11  SCV  
  53  7:12  Marine  
  53  7:13  SCV  
  53  7:14  Terran Infantry Weapons Level 1  
  56  7:19  Engineering Bay, Marine  
  56  7:21  Combat Shields  
  57  7:24  Missile Turret  
  57  7:30  Marine  
  57  7:32  Marine x2  
  57  7:33  SCV x2  
  57  7:35  SCV  
  57  7:36  Marine  
  63  7:41  Supply Depot  
  64  7:45  SCV x2  
  64  7:47  SCV  
  64  7:48  Marine  
  64  7:49  Marine  
  69  7:52  Medivac x2  
  69  7:53  Marine x3  
  69  7:57  SCV x2  
  70  8:06  Marine  
  70  8:07  Marine  
  70  8:08  Barracks Tech Lab  
  70  8:10  SCV x2  
  70  8:11  Marine  
  75  8:13  SCV  
  75  8:16  Barracks Reactor x2  
  75  8:17  Armory  
  76  8:21  Marine  
  76  8:22  Siege Tank  
  76  8:24  Marauder  
  76  8:25  Supply Depot x2, Marine, SCV  
  84  8:29  Marine  
  84  8:31  Missile Turret x2  
  85  8:35  SCV x2, Missile Turret  
  85  8:37  Missile Turret  
  87  8:45  Marauder  
  87  8:47  Marine x3  
  93  8:48  Siege Tank  
  96  9:00  SCV x3, Missile Turret  
  96  9:01  Supply Depot, Marine x2  
  101  9:03  Supply Depot, Barracks Tech Lab  
  101  9:04  Siege Tank  
  101  9:05  Marine  
  104  9:10  Missile Turret, Marine x2  
  104  9:12  SCV x2  
  108  9:17  SCV  
  108  9:22  Marine  
  103  9:24  Missile Turret  
  103  9:25  Missile Turret  
  96  9:41  Terran Infantry Weapons Level 2, Marine x3  
  96  9:42  Terran Infantry Armor Level 1, Marine x3  
  96  9:46  Marine x3, Terran Vehicle Weapons Level 1  
  96  9:47  SCV x2  
  96  9:52  Medivac x2  
  105  9:56  Concussive Shells  
  105  9:58  Marine x2  
  105  9:59  Marine  
  108  10:01  Refinery  
  108  10:03  Refinery  
  108  10:04  Marauder x2  
  112  10:08  SCV x2  
  112  10:09  Missile Turret  
  112  10:10  Missile Turret  
  114  10:14  Supply Depot  
  114  10:17  Command Center, Marine  
  114  10:18  Marine x2  
  117  10:22  Missile Turret, Medivac  
  119  10:32  Marine x5  
  119  10:35  Sensor Tower  
  124  10:36  Marauder  
  123  10:51  Marauder  
  123  10:53  Marauder, Marine x2  
  123  10:54  Marine x4  
  123  10:56  Starport  
  133  11:01  Supply Depot  
  133  11:02  Supply Depot  
  133  11:05  Supply Depot  
  133  11:10  Missile Turret  
  133  11:17  Supply Depot  
  133  11:22  Siege Tank, Marine x2  
  133  11:23  Marauder  
  133  11:24  Marauder x2, Siege Tank, Medivac  
  149  11:42  Marine x2  
  149  11:43  Marine x3  
  149  11:44  Marauder  
  149  11:46  Marauder x2  
  160  11:50  Marine  
  160  11:54  Siege Tank  
  160  11:55  Viking  
  160  11:56  Siege Tank  
  160  11:57  Starport Reactor  
  160  12:00  Marine x4  
  160  12:01  Marine  
  153  12:06  SCV x3  
  131  12:18  SCV  
  128  12:23  Marauder x2, Marine x5  
  134  12:30  Marauder, Marine  
  137  12:40  Marine  
  137  12:41  Marine x4  
  142  12:44  Marauder x2  
  142  12:48  Marine  
  142  12:51  Marauder  
  142  12:58  Marine x2  
  142  12:59  Marine  
  142  13:02  Viking x2  
  142  13:04  Viking  
  151  13:06  Marauder  
  153  13:13  Viking  
  153  13:18  Planetary Fortress  
  155  13:22  Missile Turret  
  155  13:28  Marine  
  155  13:30  Sensor Tower  
  161  13:35  Marine  
  161  13:36  Marine x6  
Tags
 
Add a new tag
Caveats
  • Supply blocks, unpowered buildings, or Contaminate may cause inaccurate times.
  • Supply counts are checked every 10 seconds.